[ AOE2 MATCH · #506263930 ]
UnrankedVietnamese vs Chinese
Player's team · LOSS
Rival team · WIN
[ REPLAY ANALYSIS · EXTRACTED FROM THE RECORDED GAME ]
Feudal
9:27
Castle
22:02
Imperial
39:31
| APM avg | 59.6 |
| APM peak | 117 |
| eAPM avg | 28.4 |
| Villagers / military | 122 / 121 |
Focus
⚔️ 32.8% · 🌾 67.2%
Knight ×52 · Fire Lancer ×50 · Monk ×8 · Militia ×7 · Spearman ×2 · Scout Cavalry ×2
Feudal
9:02
Castle
21:30
Imperial
41:42
| APM avg | 64.8 |
| APM peak | 98 |
| eAPM avg | 23.3 |
| Villagers / military | 106 / 143 |
Focus
⚔️ 36.7% · 🌾 63.3%
Knight ×109 · Monk ×17 · Skirmisher ×10 · Scout Cavalry ×5 · Archer ×1 · Spearman ×1
Match map
Initial resources + every placement click. Lines = walls · curves = elevation contours. ◆ gold · ⬟ stone · ● berries · ✦ relic · ◌ wall gap
Your base· Open — 5t gap
jianglin612's base· Open — 3t gap
Smoothed initial terrain · ◌ = detected wall gap · hover for details
Inputs per minute
— solidair - - jianglin612
Build order — solidair
First 150 of 356 actions detected
| 0:02 | Queue | Villager (Male) ×4 |
| 0:03 | Build | House |
| 0:04 | Build | House |
| 1:08 | Queue | Villager (Male) |
| 1:52 | Queue | Villager (Male) |
| 2:12 | Queue | Villager (Male) |
| 2:37 | Queue | Villager (Male) |
| 2:40 | Build | Lumber Camp |
| 3:13 | Queue | Villager (Male) |
| 3:32 | Queue | Villager (Male) |
| 3:49 | Build | House |
| 4:05 | Queue | Villager (Male) |
| 4:21 | Queue | Villager (Male) |
| 4:44 | Queue | Villager (Male) |
| 5:25 | Build | Barracks |
| 5:28 | Queue | Villager (Male) |
| 5:49 | Queue | Villager (Male) |
| 5:49 | Research | Loom |
| 5:53 | Build | House |
| 6:52 | Queue | Villager (Male) |
| 7:17 | Research | Feudal Age |
| 7:41 | Queue | Militia |
| 7:42 | Queue | Militia |
| 7:50 | Build | Mill |
| 7:57 | Queue | Militia |
| 8:20 | Queue | Militia |
| 9:27 | Age | Feudal Age |
| 9:31 | Research | Man-at-Arms (upgrade) |
| 9:48 | Build | Archery Range |
| 9:49 | Queue | Villager (Male) |
| 9:50 | Queue | Villager (Male) |
| 9:51 | Build | Farm |
| 10:31 | Queue | Militia |
| 10:31 | Queue | Villager (Male) |
| 10:40 | Queue | Militia |
| 10:56 | Build | House |
| 11:08 | Queue | Villager (Male) |
| 11:08 | Queue | Villager (Male) |
| 11:12 | Build | Mining Camp |
| 11:14 | Build | House |
| 11:23 | Queue | Militia |
| 11:27 | Queue | Spearman |
| 11:37 | Queue | Villager (Male) |
| 11:52 | Build | House |
| 12:05 | Queue | Villager (Male) |
| 12:26 | Queue | Spearman |
| 12:34 | Queue | Villager (Male) |
| 12:37 | Build | Mill |
| 13:13 | Build | House |
| 13:18 | Queue | Villager (Male) |
| 13:20 | Build | Farm |
| 13:20 | Build | Farm |
| 13:22 | Build | Farm |
| 13:23 | Build | Farm |
| 13:40 | Queue | Villager (Male) |
| 13:41 | Queue | Villager (Male) |
| 13:48 | Build | Farm |
| 13:50 | Build | Farm |
| 13:53 | Build | Palisade Wall |
| 14:13 | Queue | Villager (Male) |
| 14:13 | Queue | Villager (Male) |
| 14:15 | Build | Farm |
| 14:18 | Build | House |
| 14:20 | Build | Palisade Wall |
| 14:33 | Build | Palisade Wall |
| 14:40 | Queue | Villager (Male) |
| 14:44 | Build | House |
| 14:45 | Build | Palisade Wall |
| 14:52 | Queue | Villager (Male) |
| 14:58 | Build | Palisade Gate |
| 15:03 | Queue | Villager (Male) |
| 15:13 | Build | Farm |
| 15:34 | Queue | Villager (Male) |
| 15:41 | Build | Farm |
| 15:52 | Build | Farm |
| 15:53 | Queue | Villager (Male) |
| 15:55 | Build | House |
| 16:04 | Build | House |
| 16:07 | Build | House |
| 16:28 | Queue | Villager (Male) |
| 16:40 | Queue | Villager (Male) |
| 16:48 | Build | Market |
| 17:04 | Build | House |
| 17:25 | Build | Lumber Camp |
| 17:30 | Queue | Villager (Male) |
| 17:45 | Queue | Villager (Male) |
| 17:48 | Research | Double-Bit Axe |
| 17:48 | Research | Double-Bit Axe |
| 17:54 | Build | Farm |
| 18:25 | Research | Wheelbarrow |
| 18:39 | Build | House |
| 18:41 | Build | House |
| 18:42 | Build | House |
| 19:08 | Build | Farm |
| 19:22 | Research | Castle Age |
| 19:22 | Research | Castle Age |
| 19:46 | Build | Farm |
| 19:56 | Research | Horse Collar |
| 19:56 | Research | Horse Collar |
| 20:56 | Build | Stable |
| 21:19 | Build | Stable |
| 21:38 | Build | House |
| 21:39 | Build | Blacksmith |
| 21:48 | Research | Bloodlines |
| 21:51 | Queue | Villager (Male) |
| 22:02 | Age | Castle Age |
| 22:08 | Build | Town Center |
| 22:12 | Queue | Knight |
| 22:12 | Queue | Knight |
| 22:12 | Queue | Knight |
| 22:12 | Queue | Knight |
| 22:16 | Build | House |
| 22:22 | Build | Farm |
| 22:44 | Build | Farm |
| 22:45 | Build | Farm |
| 22:46 | Build | Farm |
| 22:54 | Queue | Villager (Male) |
| 22:54 | Queue | Villager (Male) |
| 22:56 | Build | Farm |
| 23:04 | Research | Husbandry |
| 23:10 | Queue | Knight |
| 23:15 | Research | Scale Barding Armor |
| 23:22 | Build | Farm |
| 23:26 | Queue | Villager (Male) |
| 23:27 | Queue | Villager (Male) |
| 23:29 | Build | Farm |
| 23:52 | Queue | Knight |
| 24:01 | Queue | Villager (Male) |
| 24:01 | Queue | Villager (Male) |
| 24:09 | Build | Farm |
| 24:09 | Build | Farm |
| 24:09 | Build | Farm |
| 24:09 | Build | Farm |
| 24:10 | Build | Farm |
| 24:19 | Queue | Villager (Male) |
| 24:27 | Queue | Villager (Male) |
| 24:27 | Queue | Villager (Male) |
| 24:41 | Build | Monastery |
| 24:44 | Queue | Knight |
| 24:44 | Queue | Knight |
| 24:49 | Queue | Knight |
| 24:50 | Queue | Knight |
| 24:59 | Build | Farm |
| 24:59 | Build | Farm |
| 24:59 | Build | Farm |
| 25:05 | Build | Farm |
| 25:06 | Queue | Villager (Male) |
| 25:06 | Queue | Villager (Male) |
| 25:08 | Queue | Villager (Male) |
| 25:11 | Queue | Villager (Male) |
Build order — jianglin612
First 150 of 391 actions detected
| 0:05 | Research | Loom |
| 0:06 | Research | Loom |
| 0:40 | Queue | Villager (Male) |
| 1:09 | Queue | Villager (Male) |
| 1:09 | Queue | Villager (Male) |
| 1:43 | Queue | Villager (Male) |
| 2:11 | Queue | Villager (Male) |
| 2:28 | Queue | Villager (Male) |
| 2:30 | Build | Lumber Camp |
| 3:01 | Queue | Villager (Male) |
| 3:01 | Queue | Villager (Male) |
| 3:32 | Queue | Villager (Male) |
| 3:32 | Queue | Villager (Male) |
| 3:37 | Build | House |
| 3:42 | Build | House |
| 3:55 | Queue | Villager (Male) |
| 4:39 | Queue | Villager (Male) |
| 5:08 | Queue | Villager (Male) |
| 5:22 | Queue | Villager (Male) |
| 5:52 | Queue | Villager (Male) |
| 6:01 | Build | Mill |
| 6:14 | Queue | Villager (Male) |
| 6:25 | Queue | Villager (Male) |
| 6:51 | Research | Feudal Age |
| 7:45 | Build | Mill |
| 7:56 | Queue | Villager (Male) |
| 8:23 | Build | Barracks |
| 8:37 | Queue | Villager (Male) |
| 8:42 | Build | House |
| 8:45 | Build | Palisade Wall |
| 9:02 | Age | Feudal Age |
| 9:22 | Queue | Spearman |
| 9:24 | Build | Stable |
| 9:26 | Queue | Villager (Male) |
| 9:30 | Research | Double-Bit Axe |
| 9:49 | Queue | Villager (Male) |
| 9:55 | Build | Farm |
| 9:58 | Build | Farm |
| 10:05 | Queue | Scout Cavalry |
| 11:12 | Queue | Scout Cavalry |
| 11:15 | Build | Farm |
| 11:19 | Queue | Villager (Male) |
| 11:23 | Build | Farm |
| 11:23 | Build | Farm |
| 11:28 | Build | Farm |
| 11:29 | Build | Farm |
| 11:31 | Build | Farm |
| 11:32 | Queue | Villager (Male) |
| 11:38 | Build | Farm |
| 11:40 | Build | Farm |
| 11:53 | Queue | Scout Cavalry |
| 11:53 | Queue | Villager (Male) |
| 12:01 | Build | Farm |
| 12:06 | Queue | Villager (Male) |
| 12:29 | Queue | Villager (Male) |
| 12:39 | Build | Archery Range |
| 12:48 | Queue | Scout Cavalry |
| 12:53 | Build | House |
| 13:00 | Research | Wheelbarrow |
| 13:16 | Queue | Scout Cavalry |
| 13:22 | Build | Palisade Wall |
| 13:32 | Build | House |
| 13:35 | Queue | Villager (Male) |
| 13:36 | Queue | Villager (Male) |
| 13:45 | Build | House |
| 13:48 | Build | Palisade Wall |
| 13:56 | Queue | Villager (Male) |
| 13:59 | Queue | Archer |
| 14:11 | Queue | Villager (Male) |
| 14:25 | Build | Palisade Wall |
| 14:31 | Build | House |
| 14:33 | Build | House |
| 14:40 | Queue | Skirmisher |
| 14:41 | Queue | Skirmisher |
| 14:50 | Build | Blacksmith |
| 14:55 | Build | Mining Camp |
| 15:15 | Queue | Villager (Male) |
| 15:18 | Queue | Skirmisher |
| 15:27 | Queue | Villager (Male) |
| 15:33 | Queue | Skirmisher |
| 15:50 | Build | House |
| 15:55 | Queue | Villager (Male) |
| 16:00 | Build | House |
| 16:07 | Queue | Skirmisher |
| 16:16 | Build | Palisade Wall |
| 16:18 | Build | Palisade Wall |
| 16:29 | Queue | Skirmisher |
| 16:40 | Build | House |
| 16:42 | Build | Palisade Wall |
| 17:01 | Queue | Villager (Male) |
| 17:14 | Build | Palisade Gate |
| 17:21 | Queue | Villager (Male) |
| 17:32 | Build | Farm |
| 17:34 | Build | Farm |
| 17:43 | Queue | Skirmisher |
| 17:52 | Queue | Skirmisher |
| 18:23 | Queue | Villager (Male) |
| 18:27 | Build | Farm |
| 18:50 | Research | Castle Age |
| 18:50 | Research | Castle Age |
| 19:16 | Build | Farm |
| 19:22 | Research | Horse Collar |
| 19:26 | Research | Gold Mining |
| 19:54 | Queue | Villager (Male) |
| 20:05 | Build | House |
| 20:11 | Build | Palisade Wall |
| 20:22 | Build | Farm |
| 20:35 | Queue | Skirmisher |
| 20:35 | Queue | Skirmisher |
| 21:01 | Build | Farm |
| 21:02 | Build | Farm |
| 21:03 | Build | Farm |
| 21:30 | Age | Castle Age |
| 21:34 | Research | Bow Saw |
| 21:34 | Research | Bow Saw |
| 21:38 | Build | Town Center |
| 21:48 | Research | Bloodlines |
| 21:48 | Queue | Knight |
| 21:49 | Queue | Knight |
| 21:51 | Build | Stable |
| 22:02 | Queue | Villager (Male) |
| 22:06 | Build | Farm |
| 22:10 | Research | Scale Barding Armor |
| 22:51 | Queue | Villager (Male) |
| 22:51 | Queue | Villager (Male) |
| 23:00 | Build | Farm |
| 23:02 | Build | Farm |
| 23:07 | Build | Farm |
| 23:07 | Build | Farm |
| 23:08 | Build | Farm |
| 23:17 | Queue | Knight |
| 23:25 | Queue | Knight |
| 23:54 | Queue | Knight |
| 23:54 | Queue | Knight |
| 23:59 | Research | Chain Barding Armor |
| 24:00 | Queue | Villager (Male) |
| 24:00 | Queue | Villager (Male) |
| 24:37 | Queue | Knight |
| 24:38 | Queue | Knight |
| 24:38 | Queue | Villager (Male) |
| 24:53 | Queue | Villager (Male) |
| 24:55 | Queue | Villager (Male) |
| 25:02 | Build | Town Center |
| 25:05 | Queue | Knight |
| 25:11 | Build | Monastery |
| 25:27 | Research | Husbandry |
| 25:28 | Queue | Villager (Male) |
| 25:39 | Queue | Villager (Male) |
| 25:53 | Queue | Villager (Male) |
| 26:02 | Queue | Villager (Male) |
Match timeline
| 5:25 | solidair · first_building Barracks |
| 8:23 | jianglin612 · first_building Barracks |
| 8:45 | jianglin612 · wall_segment Palisade Wall x5 |
| 9:02 | jianglin612 · age_up feudal |
| 9:24 | jianglin612 · first_building Stable |
| 9:27 | solidair · age_up feudal |
| 9:48 | solidair · first_building Archery Range |
| 12:39 | jianglin612 · first_building Archery Range |
| 13:22 | jianglin612 · wall_segment Palisade Wall x1 |
| 13:48 | jianglin612 · wall_segment Palisade Wall x1 |
| 13:53 | solidair · wall_segment Palisade Wall x13 |
| 14:20 | solidair · wall_segment Palisade Wall x5 |
| 14:25 | jianglin612 · wall_segment Palisade Wall x8 |
| 14:33 | solidair · wall_segment Palisade Wall x12 |
| 14:45 | solidair · wall_segment Palisade Wall x6 |
| 16:16 | jianglin612 · wall_segment Palisade Wall x1 |
| 16:18 | jianglin612 · wall_segment Palisade Wall x1 |
| 16:42 | jianglin612 · wall_segment Palisade Wall x1 |
| 18:49 | solidair · first_market_sell 100 wood |
| 18:51 | solidair · first_market_buy 100 food |
| 20:11 | jianglin612 · wall_segment Palisade Wall x6 |
| 20:56 | solidair · first_building Stable |
| 21:30 | jianglin612 · age_up castle |
| 22:02 | solidair · age_up castle |
| 24:41 | solidair · first_building Monastery |
| 25:11 | jianglin612 · first_building Monastery |
| 35:25 | solidair · first_building Castle |
| 37:49 | solidair · wall_segment Stone Wall x1 |
| 39:31 | solidair · age_up imperial |
| 41:42 | jianglin612 · age_up imperial |
| 41:53 | solidair · resign |
[ AI ANALYSIS · 1 CREDIT ]
What really happened in this match?
Wolo.gg analyzes every decision: build order, eco, micro, common mistakes by bracket. Personalized analysis on WhatsApp or Discord in 30 seconds.
Civ guide
Vietnamese
Perfil
Jugador #4396973